 Dungeon Crawl Stone Soup version 0.29.1-1-gd02db6906a (webtiles) character file.

Game seed: 11949987089292353510

805 nshep25 the Grave Robber (level 7, -3/48 HPs)
             Began as a Demonspawn Necromancer on Oct 4, 2022.
             Slain by a gnoll
             ... wielding a +0 flail
              (7 damage)
             ... on level 5 of the Dungeon.
             The game lasted 00:21:17 (3908 turns).

nshep25 the Grave Robber (Demonspawn Necromancer)   Turns: 3908, Time: 00:21:17

Health: -3/48      AC:  5    Str:  9    XL:     7   Next: 60%
Magic:  0/14       EV: 12    Int: 18    God:
Gold:   118        SH:  0    Dex: 13    Spells: 10/15 levels left

rFire   + . .      SeeInvis .   u - +2 short sword (venom)
rCold   + . .      Faith    .   (no shield)
rNeg    . . .      Spirit   .   a - +0 robe
rPois   .          Reflect  .   (no helmet)
rElec   .          Harm     .   d - scarf {rC+ rF+}
rCorr   .          Rampage  .   j - +0 pair of gloves
Will    .....                   (no boots)
Stlth   ++........              l - amulet of regeneration
HPRegen 0.96/turn               (no ring)
MPRegen 0.28/turn               (no ring)

@: no status effects
A: hooves 1, magic regeneration, sharp scales 2
a: no special abilities


You were on level 5 of the Dungeon.
You visited 1 branch of the dungeon, and saw 5 of its levels.

You collected 118 gold pieces.

Inventory:

Hand Weapons
 e - a +0 dagger
 t - a +1 short sword of freezing
 u - a +2 short sword of venom (weapon)
Missiles
 c - 9 poisoned darts
 r - 2 silver javelins
Armour
 a - a +0 robe (worn)
 d - a scarf of resistance (worn)
 j - a +0 pair of gloves (worn)
Jewellery
 l - an amulet of regeneration (around neck)
Scrolls
 f - 2 scrolls of amnesia {unknown}
 h - 3 scrolls of identify {unknown}
 i - 2 scrolls of noise {unknown}
 n - a scroll of vulnerability {unknown}
 p - a scroll of butterflies {unknown}
 q - a scroll of immolation {unknown}
 s - 2 scrolls of enchant armour {unknown}
 w - a scroll of teleportation {unknown}
Potions
 b - a potion of magic
 g - a potion of degeneration {unknown}
 k - 2 potions of might {unknown}
 m - 2 potions of haste {unknown}
 o - a potion of heal wounds {unknown}
 v - a potion of lignification {unknown}
 x - 2 potions of brilliance {unknown}


   Skills:
 + Level 1.1 Fighting
 + Level 0.2 Short Blades
 + Level 2.6 Dodging
 + Level 2.5 Stealth
 + Level 4.9 Spellcasting
 + Level 0.1 Conjurations
 + Level 7.9 Necromancy
 + Level 0.2 Air Magic


You had 10 spell levels left.
You knew the following spells:

 Your Spells              Type           Power      Damage    Failure   Level
a - Necrotise             Necr           100%       1d9       1%          1
b - Vampiric Draining     Necr           33%        2d8       1%          3
c - Shock                 Conj/Air       20%        1d4       12%         1

Your spell library contained the following spells:

 Spells                   Type           Power      Damage    Failure   Level
 Animate Dead             Necr           33%        N/A       4%          4
 Agony                    Necr           33%        N/A       14%         5
 Swiftness                Air            5%         N/A       34%         3
 Confusing Touch          Hex            4%         N/A       38%         3
 Inner Flame              Hex/Fire       4%         N/A       38%         3
 Airstrike                Air            2%         2d(1-17)  75%         4
 Cause Fear               Hex            2%         N/A       80%         4
 Yara's Violent Unravell  Hex/Tmut       2%         3d3       98%         5
 Enfeeble                 Hex            2%         N/A       100%        7
 Discord                  Hex            2%         N/A       100%        8


Dungeon Overview and Level Annotations

Branches:
Dungeon (5/15)
 Temple: D:4-7

Altars:
Okawaru
Trog

Shops:
D:2 (


Innate Abilities, Weirdness & Mutations

You have large cloven feet.
You regenerate magic rapidly.
You are mostly covered in razor-sharp scales. (AC +2, Slay +2)


Message History

Confirm with . or Enter, or press ? or * to list all spells.
You don't have enough magic to cast this spell.
Found a stone staircase leading down.
The scorpion completely misses you. The iguana barely misses you.
Found a glowing spear.
The scorpion stings you but does no damage.
The scorpion barely misses you. The scorpion attacks as you move away!
The scorpion stings you but does no damage.
Casting: Necrotise (safe; 1% risk of failure)
Confirm with . or Enter, or press ? or * to list all spells.
Aiming: Vampiric Draining (safe; 1% risk of failure)
Press: ? - help, Shift-Dir - straight line, f - scorpion, p - iguana
Aim: a scorpion You draw life force from the scorpion!
You feel life coursing into your body. The scorpion closely misses you.
You hit the scorpion.
The scorpion is poisoned.
The scorpion is heavily wounded.
You kill the scorpion!
You hit the gnoll.
The gnoll is poisoned.
The gnoll is moderately wounded.
The gnoll hits you with a +0 flail!
* * * LOW HITPOINT WARNING * * *
You barely miss the gnoll. You kick the gnoll, but do no damage.
The gnoll is moderately wounded.
The gnoll hits you from afar with a +0 spear.
* * * LOW HITPOINT WARNING * * *
The gnoll closely misses you.
Casting: Vampiric Draining (safe; 1% risk of failure)
Confirm with . or Enter, or press ? or * to list all spells.
Aiming: Necrotise (safe; 1% risk of failure)
Press: ? - help, Shift-Dir - straight line, f - gnoll
Aim: a gnoll, wielding a +0 flail (moderately wounded, very poisoned, chance to affect: 88%)
The gnoll writhes in agony.
The gnoll hits you from afar with a +0 spear.
* * * LOW HITPOINT WARNING * * *
The gnoll hits you with a +0 flail.
* * * LOW HITPOINT WARNING * * *
The gnoll attacks as you move away! The gnoll hits you with a +0 flail!
You die...

......
##..#######
#.........>..#.#
###....#...#.#
#....###lg.#
#....###g###
#.......@).#
....####.#.#
#...# #####


You could see an iguana and 2 gnolls.

Vanquished Creatures
  Sigmund (D:3)
  A phantom (D:4)
  2 scorpions
  2 necrophages (D:4)
  A jelly (D:4)
  3 hounds
  An iguana (D:4)
  An orc wizard (D:3)
  A gnoll (D:5)
  3 adders
  5 worms
  2 dart slugs
  3 orcs (D:3)
  13 ball pythons
  4 bats
  12 endoplasms
  2 giant cockroaches
  7 goblins
  4 hobgoblins
  10 jackals
  4 quokkas
  5 frilled lizards
  9 kobolds
  3 rats
99 creatures vanquished.

Vanquished Creatures (collateral kills)
  An orc (D:3)
  An endoplasm (D:1)
  A hobgoblin (D:2)
  A jackal (D:2)
  A ball python (D:4)
  A frilled lizard (D:3)
  A goblin (D:2)
  A kobold (D:4)
  A rat (D:1)
9 creatures vanquished.

Vanquished Creatures (others)
  15 plants (D:4)
15 creatures vanquished.

Grand Total: 123 creatures vanquished

Notes
Turn   | Place    | Note
-------+----------+-------------------------------------------
     0 | D:1      | nshep25 the Demonspawn Necromancer began the quest for the
                  | Orb.
     0 | D:1      | Reached XP level 1. HP: 13/13 MP: 3/3
   102 | D:1      | Found a faded altar of an unknown god.
   230 | D:1      | Gained mutation: You regenerate magic rapidly. [demonic
                  | ancestry]
   230 | D:1      | Reached XP level 2. HP: 4/19 MP: 0/5
   725 | D:1      | Reached skill level 5 in Necromancy
  1022 | D:1      | Gained mutation: You are partially covered in razor-sharp
                  | scales. (AC +1, Slay +1) [demonic ancestry]
  1022 | D:1      | Reached XP level 3. HP: 24/24 MP: 3/6
  1162 | D:1      | Learned a level 3 spell: Vampiric Draining
  1739 | D:2      | Reached XP level 4. HP: 30/30 MP: 5/8
  2014 | D:2      | Found Tilauhin's Antique Weapon Boutique.
  2414 | D:3      | Found a bloodstained altar of Trog.
  2712 | D:3      | Reached skill level 6 in Necromancy
  2780 | D:3      | Reached XP level 5. HP: 35/35 MP: 7/9
  2796 | D:3      | Noticed Sigmund
  2806 | D:3      | Killed Sigmund
  2807 | D:3      | Gained mutation: You have large cloven feet. [demonic
                  | ancestry]
  2807 | D:3      | Reached XP level 6. HP: 42/42 MP: 0/11
  3215 | D:4      | Found an iron altar of Okawaru.
  3268 | D:4      | Reached skill level 7 in Necromancy
  3361 | D:4      | Gained mutation: You are mostly covered in razor-sharp
                  | scales. (AC +2, Slay +2) [demonic ancestry]
  3361 | D:4      | Reached XP level 7. HP: 47/47 MP: 9/13
  3633 | D:4      | Learned a level 1 spell: Shock
  3876 | D:5      | Entered Level 5 of the Dungeon
  3888 | D:5      | Reached skill level 1 in Fighting
  3892 | D:5      | HP: 2/48 [iguana (6)]
  3908 | D:5      | Slain by a gnoll

Illustrated notes

Levels and vault maps discovered:
D:1:      amcnicky_arrival_flooded_fountain, layout_loops_corners,
          chequers_ecumenical_altar_twisty, st_stairs_9,
          minmay_misc_feat_encased
D:2:      layout_basic, serial_shops, nicolae_shop_behind_doors
D:3:      layout_loops_corners, trog_butcher_becter, kennysheep_generic_room_13,
          uniq_sigmund
D:4:      layout_rooms, mainiacjoe_overflow_tiny_flanked, serial_bayou,
          serial_bayou_pond_b, serial_bayou_pond_d, serial_bayou_pond_e,
          serial_bayou_pond_b, serial_bayou_pond_c, serial_bayou_lake_a
D:5:      layout_basic, general_overflow_altar

Skill      XL: |  1  2  3  4  5  6  7 |
---------------+----------------------+-----
Necromancy     | 5 6 7 |  7.9
Dodging        | 2 |  2.6
Spellcasting   | 3 4 |  4.9
Stealth        | 2 |  2.5
Fighting       | 1 |  1.1
Short Blades   | |  0.2
Conjurations   | |  0.1
Air Magic      | |  0.2

Action                   |  1- 3 |  4- 6 |  7- 9 || total
-------------------------+-------+-------+-------++-------
Melee: Unarmed           |     5 |       |       ||     5
       Dagger            |     1 |    18 |       ||    19
       Short sword       |       |    26 |     7 ||    33
       Kick              |       |     8 |     2 ||    10
 Cast: Necrotise         |    64 |    82 |    40 ||   186
       Vampiric Draining |     1 |     6 |     6 ||    13
       Shock             |       |       |     6 ||     6
Armor: Robe              |     8 |     8 |     6 ||    22
Dodge: Dodged            |    16 |    24 |    41 ||    81
